 Dungeon Crawl Stone Soup version 0.28-a0-1493-g08698888e4 (webtiles) character file.

Game seed: 1613422027813432330

3 murtidash the Sneak (level 1, -1/20 HPs)
             Began as a Hill Orc Delver on Jan 13, 2022.
             Slain by an adder (2 damage)
             ... on level 4 of the Dungeon.
             The game lasted 00:00:40 (136 turns).

murtidash the Sneak (Hill Orc Delver)                Turns: 136, Time: 00:00:41

Health: -1/20      AC:  3    Str: 14    XL:     1   Next: 50%
Magic:  1/1        EV: 11    Int: 10    God:
Gold:   42         SH:  0    Dex: 12    Spells: 0/0 levels left

rFire   . . .      SeeInvis .   a - +0 hand axe
rCold   . . .      Faith    .   (no shield)
rNeg    . . .      Spirit   .   b - +0 leather armour
rPois   .          Reflect  .   (no helmet)
rElec   .          Harm     .   (no cloak)
rCorr   .          Rampage  .   (no gloves)
Will    .....                   (no boots)
Stlth   ++........              (no amulet)
HPRegen 0.06/turn               (no ring)
MPRegen 0.07/turn               (no ring)

@: no status effects
A: no striking features
a: no special abilities


You were on level 4 of the Dungeon.
You visited 1 branch of the dungeon, and saw 2 of its levels.

You collected 42 gold pieces.

Inventory:

Hand Weapons
 a - a +0 hand axe (weapon)
Armour
 b - a +0 leather armour (worn)
Wands
 g - a wand of digging (3)
 j - a wand of flame (9)
   (You found it on level 4 of the Dungeon)
Scrolls
 c - a scroll of fog
 d - a scroll of magic mapping {!r}
 e - a scroll of fear
 h - a scroll of vulnerability {unknown}
 i - a scroll of identify {unknown}
Potions
 f - a potion of haste


   Skills:
 + Level 3.7 Fighting
 + Level 2.8 Axes
 + Level 1.6 Dodging
 + Level 4.1 Stealth


You couldn't memorise any spells.
You didn't know any spells.
Your spell library was empty.

Dungeon Overview and Level Annotations

Branches:
Dungeon (5/15)
 Temple: D:4-7

Altars:

Annotations:
D:4 Robin


Message History

A mysterious force pulls you upwards. The hatch slams shut behind you.
i - a scroll labelled QIOSYOM WYF AHA An ufetubus, a kobold and a ball python come into view.
The kobold shouts!
The ball python hisses angrily.
The kobold hits you but does no damage.
You miss the kobold. The kobold hits you with a +0 dagger.
You take 1 damage, and have 18/19 hp.
You barely miss the kobold. The kobold misses you.
You completely miss the kobold. The kobold closely misses you.
You hit the kobold. The kobold hits you but does no damage.
You slash the kobold!
You kill the kobold!
The ball python closely misses you. x2
Health restored: 20 You closely miss the ball python.
The ball python completely misses you. The ball python closely misses you.
The ball python barely misses you. The ball python completely misses you.
You slash the ball python!
You kill the ball python!
Things that are here:
a +0 dagger; a ball python corpse; a kobold corpse You now have 32 gold pieces (gained 16).
You now have 42 gold pieces (gained 10).
A ball python comes into view.
Found a stone staircase leading down.
You hit the ball python.
You kill the ball python!
Found an escape hatch in the floor.
There is a stone staircase leading down here.
An adder comes into view.
A hobgoblin and a goblin come into view.
The hobgoblin shouts!
The goblin shouts!
You hear a shout!
The goblin unwields a +0 dagger.
The goblin wields a +0 hunting sling.
The goblin shoots a sling bullet.
The sling bullet closely misses you.
A goblin comes into view. It is wielding a +0 dagger.
An adder comes into view.
A goblin comes into view. It is wielding a +0 club.
The goblin shouts!
The adder hisses angrily. x2; You hear a shout!
Robin of the Strong Arm comes into view.
They are wielding a +0 mace.
A hobgoblin comes into view.
You hear a shout!
The goblin shouts!
You see here a wand of flame (9).
j - a wand of flame (9) Robin roars a battlecry!
The goblins go into a battle-frenzy!
You hear a shout!
The adder bites you.
You take 2 damage, and have 18/20 hp.
The adder misses you. The adder bites you.
You take 1 damage, and have 18/20 hp.
The adder closely misses you. The adder misses you.
The goblin no longer looks unusually strong.
The hobgoblin no longer looks unusually strong.
The goblin shoots a sling bullet.
The sling bullet barely misses you. The adder misses you.
The goblin unwields a +0 hunting sling.
The goblin wields a +0 dagger.
The goblin hits you but does no damage.
A worm comes into view.
Robin shouts!
You hear a shout!
A kobold comes into view. It is wielding a +0 club.
Robin roars a battlecry!
The goblin goes into a battle-frenzy!
You hear a shout!
You hear a shout!
The kobold shouts!
You hear an angry hiss.
Robin throws the goblin at you! The adder bites you but does no damage.
The goblin shouts!
You hear a shout!
You take 1 damage, and have 17/20 hp.
You closely miss the goblin. You hit the adder. The adder bites you.
The goblin barely misses you.
You take 1 damage, and have 16/20 hp.
You barely miss the goblin. You closely miss the adder.
The adder barely misses you. The goblin hits you with a +0 club.
The adder barely misses you.
You take 4 damage, and have 12/20 hp.
You barely miss the goblin. You hit the adder but do no damage.
The goblin barely misses you. The adder bites you.
You are poisoned.
The adder poisons you!
A hobgoblin comes into view.
The goblin hits you with a +0 club.
You take 4 damage, and have 8/20 hp.
You barely miss the goblin. You hit the adder.
You feel sick. The adder bites you but does no damage.
The goblin closely misses you. The adder bites you.
* * * LOW HITPOINT WARNING * * *
You take 5 damage, and have 3/20 hp.
MASSIVE DAMAGE!!
You hit the goblin but do no damage. You miss the adder.
* * * LOW HITPOINT WARNING * * *
You feel sick. The adder bites you but does no damage. The goblin misses you.
You take 1 damage, and have 2/20 hp.
You miss the goblin. You hit the adder but do no damage.
* * * LOW HITPOINT WARNING * * *
You feel sick.
You are no longer poisoned.
The adder closely misses you. The goblin hits you but does no damage.
The adder bites you.
You die...

####.###..###.# #.# # #
#........#.###.##.#.#..
#
##.###g#..........g?gS.
## #.#
#g###.###.#.....gg .#
.# #.# #.###g#..##...
.# .# #.###..ggg#.... .
.# #...g..ggK#.###. .#
########S##.# # .# #@#
.# .# #g# .# .# #.# #w#
.# #.# .. ... .# #.##.#
#.# .# #.##.# #.# .#
#.##.# #.# .## #.##.#
#.# ..#####.##.#


You could see a worm, Robin, an adder, 3 hobgoblins, 3 goblins and a kobold.

Vanquished Creatures
  A kobold (D:4)
  2 ball pythons (D:4)
3 creatures vanquished.

Notes
Turn   | Place    | Note
-------+----------+-------------------------------------------
     0 | D:5      | murtidash the Hill Orc Delver began the quest for the Orb.
     0 | D:5      | Reached XP level 1. HP: 19/19 MP: 1/1
   105 | D:4      | Noticed Robin
   134 | D:4      | HP: 3/20 [adder (3)]
   136 | D:4      | HP: 1/20 [poisoned by an adder]
   136 | D:4      | Slain by an adder

Illustrated notes

Levels and vault maps discovered:
D:4:      layout_loops_ring, uniq_robin
D:5:      layout_basic, ebering_ghost_rock_garden, chequers_serial_rivers_room_b

Action                   || total
-------------------------++-------
Melee: Hand axe          ||    14
Armor: Leather armour    ||     7
Dodge: Dodged            ||    21

Table legend: (Time is in decaauts)
 A = Elapsed time spent in this place.
 B = Non-inter-level travel time spent in this place.
 C = Inter-level travel time spent in this place.
 D = Time resting spent in this place.
 E = Time spent auto-exploring this place.
 F = Levels seen in this place.
 G = Mean time per level.
                   A        B        C        D        E       F      G
               +--------+--------+--------+--------+--------+-----+--------+
         Total |    137 |    137 |      0 |      0 |      0 |   2 |   68.5 |
       Dungeon |    137 |    137 |      0 |      0 |      0 |   2 |   68.5 |
               +--------+--------+--------+--------+--------+-----+--------+

Top non-repeatable levels by time:
     D:4: 108 daAuts
     D:5: 29 daAuts

Table legend:
 A = Kills in this place as a percentage of kills in entire the game.
 B = Kills by you in this place as a percentage of kills by you in the entire game.
 C = Kills by friends in this place as a percentage of kills by friends in the entire game.
 D = Other kills in this place as a percentage of other kills in the entire game.
 E = Experience gained in this place as a percentage of experience gained in the entire game.
 F = Experience gained in this place divided by the number of levels of this place that you have seen.
                   A       B       C       D       E      F
               +-------+-------+-------+-------+-------+----------------------
         Total | 100.0 | 100.0 |   N/A |   N/A | 100.0 |   2.5
       Dungeon | 100.0 | 100.0 |   N/A |   N/A | 100.0 |   2.5
               +-------+-------+-------+-------+-------+----------------------
